Cogmind - Beta 13 @@@ ROGUE MODE // 2024.07.01 @ 23:51:15 Player: The fool Result: Destroyed by S-27 Virus with Autogun Performance ------------- Evolutions (3) 1500 Regions Visited (4) 800 Robots Destroyed (78) 390 Value Destroyed (1803) 1803 Prototype IDs (1) 20 Alien Tech Used (0) 0 Bonus (-21) -21 TOTAL SCORE: 4492 Bonus ------- Friendly Fire -21 Cogmind --------- Core Integrity 0/700 Matter 300/300 Energy 100/100 System Corruption 9% Temperature Cool (0) Movement Core (50) Location -7/Factory Parts ------- > --- POWER (1) -------- (None) > --- PROPULSION (4) --- (None) > --- UTILITY (5) ------ (None) > --- WEAPON (3) ------- (None) > --- INVENTORY (5) ---- Light Angular Momentum Engine Trap Scanner Energy Filter Transmission Jammer Peak State ------------ > --- POWER ------------ Light Angular Momentum Engine > --- PROPULSION ------- VTOL Module Xenon Bombardment Thruster Xenon Bombardment Thruster Xenon Bombardment Thruster > --- UTILITY ---------- High-capacity Storage Unit Energy Filter Transmission Jammer Reaction Control System Hardened Medium Armor Plating > --- WEAPON ----------- Heavy Particle Cannon Ion Cannon Heavy Assault Rifle > --- INVENTORY -------- Deuterium Engine Light Nuclear Core Xenon Bombardment Thruster Improved Heat Sink Large Storage Unit Compact Matter Pod Weight Redist. System Trap Scanner ECM Suite Powered Armor High-powered Tractor Beam Field Recycling Unit EMP Blaster EMP Blaster Remote Datajack Welding Torch Axe [Rating: 46] Favorites ----------- Power Light Nuclear Core Engine Improved Ion Engine Power Core Light Nuclear Core Propulsion Light Treads Treads Light Treads Leg Aluminum Leg Wheel Wheel Hover Unit Hover Unit Flight Unit Xenon Bombardment Thruster Utility High-capacity Storage Unit Device Seismic Detector Storage High-capacity Storage Unit Processor Signal Interpreter Hackware Hacking Suite Protection Hardened Medium Armor Plating Weapon Heavy Assault Rifle Energy Gun Small Laser Energy Cannon Ion Cannon Ballistic Gun Heavy Assault Rifle Ballistic Cannon Light Cannon Launcher Grenade Launcher Special Weapon Remote Datajack Slashing Weapon Axe Build | -11 -10 -9 -8 -7 ------- Run | Yrd Mat Mat Mat Fac Slots Evolved 6 | . . 2 2 2 Power . | . . . . . Propulsion 2 | . . 1 1 . Utility 3 | . . 1 1 1 Weapon 1 | . . . . 1 Parts Attached 125 | 13 8 20 42 42 Power 13 | 2 . 2 5 4 Engine 10 | 2 . 2 4 2 Core 3 | . . . 1 2 Reactor . | . . . . . Propulsion 35 | 8 . 5 11 11 Treads 13 | . . 2 11 . Leg 10 | 4 . 1 . 5 Wheel 4 | 4 . . . . Hover 2 | . . 2 . . Flight 6 | . . . . 6 Utility 42 | 1 5 11 12 13 Device 20 | 1 1 5 6 7 Storage 5 | . 3 1 . 1 Processor 2 | . . 1 . 1 Hackware 1 | . . . . 1 Protection 14 | . 1 4 6 3 Artifact . | . . . . . Weapon 35 | 2 3 2 14 14 Energy Gun 2 | 1 . . 1 . Energy Cannon 4 | . . . . 4 Ballistic Gun 15 | 1 . 2 7 5 Ballistic Cannon 2 | . 2 . . . Launcher 7 | . 1 . 6 . Special Weapon 3 | . . . . 3 Impact Weapon . | . . . . . Slashing Weapon 2 | . . . . 2 Piercing Weapon . | . . . . . Special Melee Weapon . | . . . . . Unidentified Prototypes 1 | . . . 1 . Corrupted Parts 1 | . . . 1 . System Corruption 7 | . . . 7 . Parts Lost 31 | . 1 7 10 13 Power 5 | . . 2 2 1 Propulsion 11 | . . 2 4 5 Utility 8 | . . 1 2 5 Weapon 7 | . 1 2 2 2 Highest Loss Streak 5 | . 1 2 2 5 To Critical Strikes 1 | . 1 . . . Average Slot Usage (%) 94 | . 99 96 98 83 Engine 7 | . 14 10 2 3 Core 2 | . . . 6 2 Treads 14 | . . 4 34 12 Leg 11 | . 28 17 . 7 Hover 2 | . . 8 . . Flight 1 | . . . . 4 Device 10 | . 14 4 11 14 Storage 9 | . 10 11 9 5 Processor 5 | . . 8 9 . Protection 7 | . 2 8 6 8 Energy Cannon 1 | . . . . 4 Ballistic Gun 12 | . 4 13 15 12 Ballistic Cannon 4 | . 12 8 . . Launcher 1 | . 9 . 1 . Naked Turns 31 | . . . . 31 Heaviest Build 92 | 8 92 60 66 78 Greatest Support 86 | 20 20 40 86 82 Greatest Overweight (x) 19 | . 4 2 . 19 Average Overweight (x) . | . . 1 . . Largest Inventory Capacity 25 | 5 25 20 20 20 Average Capacity 17 | 5 12 18 20 17 Most Carried 20 | 5 10 18 20 20 Average Carried 13 | 2 6 12 18 16 Final Capacity 20 | 5 15 20 20 5 Final Carried 20 | 4 8 18 20 4 Class Distribution -------------------- 57% | Mutant 25% | Scavenger-Mutant 10% | Scavenger-Tank 6% | Tank Dominant Class ---------------- Mutant | -10/Materials Mutant | -9/Materials Scavenger-Mutant | -8/Materials Scavenger-Tank | -7/Factory Resources | -11 -10 -9 -8 -7 ----------- Run | Yrd Mat Mat Mat Fac Matter Collected 2543 | 278 92 735 622 816 Remotely 204 | . . 157 . 47 Salvage Created 2547 | 39 77 785 1032 614 Parts 169 | 2 17 51 72 27 Haulers Intercepted 2 | . . 1 1 . Recyclers Shooed 5 | . . 3 1 1 Parts Field Recycled 13 | . . . 13 . Retrieved Matter 64 | . . . 64 . Parts Self-Destructed . | . . . . . Prevented . | . . . . . Kills | -11 -10 -9 -8 -7 ------- Run | Yrd Mat Mat Mat Fac Combat Hostiles Destroyed 50 | 1 6 16 21 6 Guns 18 | 1 . 4 8 5 Cannons 19 | . 6 12 . 1 AOE 13 | . . . 13 . Classes Destroyed 10 | 1 3 4 1 1 Worker 6 | . . 2 1 3 Builder 6 | . 1 1 4 . Hauler 2 | . . 1 1 . Recycler 8 | . . 4 1 3 Watcher 6 | . 1 3 1 1 Swarmer 21 | . 6 7 7 1 Grunt 20 | 1 . 6 11 2 Duelist 1 | . . . 1 . Sentry 5 | . . 3 2 . Programmer 2 | . . . . 2 Thug 1 | . . . . 1 Best Kill Streak 9 | 1 3 6 9 3 Combat Bots Only 6 | 1 3 4 6 2 Max Kills in Single Turn 4 | 1 1 1 4 1 Gunslinging . | . . . . . Exploded 3 | . . . 3 . Melee . | . . . . . Uniques/NPCs Destroyed . | . . . . . Combat | -11 -10 -9 -8 -7 -------- Run | Yrd Mat Mat Mat Fac Hostile Shots Fired 472 | 4 37 120 120 191 Missed 134 | 2 13 34 26 59 Damage Taken 5158 | 22 250 1034 1950 1902 Core 1092 | . 73 162 148 709 Absorbed by Shields . | . . . . . Regen/Repaired (Parts) 63 | . . . 63 . Core Remaining (%) 75 | 100 70 59 73 . Volleys Fired 215 | 3 21 91 65 35 Largest 3 | 2 2 2 2 3 Hottest 158 | 60 70 70 76 158 Shots Fired 428 | 6 30 178 128 86 Gun 263 | 6 7 77 109 64 Cannon 140 | . 17 101 . 22 Launcher 25 | . 6 . 19 . Special . | . . . . . Kinetic 363 | 3 23 178 95 64 Thermal 40 | 3 1 . 14 22 Explosive 6 | . 6 . . . Electromagnetic 19 | . . . 19 . Robot Hit Streak 15 | 2 4 11 15 6 Robot Miss Streak 13 | 1 3 13 4 6 Penetration Max . | . . . . . Secondary Targets 1 | . . . 1 . Max Gunslinging Chain 1 | . . . 1 . Shots Hit Robots 236 | 3 12 92 83 46 Core Hits 124 | 2 10 33 58 21 Critical Kills . | . . . . . Critical Parts Destroyed 2 | . 1 . 1 . Critical Strikes 6 | . 2 2 2 . Burn 1 | . . . 1 . Destroy 2 | . 1 . 1 . Blast 3 | . 1 2 . . Melee Attacks 3 | . . . . 3 Impact . | . . . . . Slashing 3 | . . . . 3 Piercing . | . . . . . Sneak Attacks . | . . . . . Combat Hostiles . | . . . . . Follow-up Attacks . | . . . . . Damage Inflicted 4872 | 24 344 1550 2036 918 Guns 2050 | 24 14 530 898 584 Cannons 1513 | . 160 1019 . 334 Explosions 1294 | . 170 . 1124 . Melee . | . . . . . Ramming 15 | . . 1 14 . Kinetic 3103 | 13 174 1549 783 584 Thermal 835 | 11 . . 490 334 Explosive 170 | . 170 . . . Electromagnetic 749 | . . . 749 . Impact . | . . . . . Slashing . | . . . . . Piercing . | . . . . . Highest Corruption 9 | . . . 8 9 Average Corruption 6 | . . . 7 3 Corruption Purged . | . . . . . Corruption Blocked . | . . . . . Effects 38 | . . . 32 6 Message Errors 7 | . . . 7 . Matter Fused 11 | . . . 9 2 Heat Flow Errors 4 | . . . 4 . Energy Discharges 4 | . . . 3 1 Data Loss (minor) 6 | . . . 4 2 Data Loss (major) 1 | . . . 1 . Misfires 1 | . . . 1 . Alerts 1 | . . . . 1 Weapon Failures 3 | . . . 3 . Overload Shots . | . . . . . Overflow Damage 112 | . 2 26 74 10 Projectiles 36 | . . 26 . 10 Explosions 76 | . 2 . 74 . Melee . | . . . . . Knockbacks 11 | . . 11 . . Impact . | . . . . . Kinetic 10 | . . 10 . . Secondary 1 | . . 1 . . Self-Inflicted Damage 350 | . 29 . 321 . Shots 14 | . 1 . 13 . Rammed 1 | . . . 1 . Targets Rammed 3 | . . 1 2 . Kicked 1 | . . 1 . . Crushed 1 | . . . 1 . Highest Temperature 424 | 32 26 84 424 334 Average Temperature 79 | 18 9 14 127 118 Received Heat Transfer 1413 | 12 . 381 720 300 Effects 8 | . . . 6 2 Shutdowns 2 | . . . 2 . Interference 4 | . . . 2 2 Matter Decay 1 | . . . 1 . Short Circuit 1 | . . . 1 . Siege Activations . | . . . . . Robots Corrupted . | . . . . . Combat Hostiles . | . . . . . Parts Fried 1 | . . . 1 . Impact Corruptions . | . . . . . Robots Melted . | . . . . . Combat Hostiles . | . . . . . Parts Melted 2 | . . . 1 1 Heat Transferred 1313 | 25 . . 770 518 Parts Sabotaged . | . . . . . Parts Stolen . | . . . . . Parts Stripped . | . . . . . Power Chain Reactions 10 | . . . 10 . Alert | -11 -10 -9 -8 -7 ------- Run | Yrd Mat Mat Mat Fac Peak Influence 366 | 20 208 366 358 144 Initial 118 | . 13 29 10 118 Average 146 | 3 83 156 225 82 Maximum Alert Level 1 | . 1 1 1 . Low Security (%) 70 | 100 82 80 29 100 Level 1 29 | . 17 19 70 . Level 2 . | . . . . . Level 3 . | . . . . . Level 4 . | . . . . . Level 5 . | . . . . . High Security . | . . . . . Max Security . | . . . . . Squads Dispatched 10 | . . 1 4 5 Investigation 3 | . . 1 1 1 Extermination 3 | . . . . 3 Reinforcement 4 | . . . 3 1 Assault . | . . . . . Garrison . | . . . . . Intercept . | . . . . . Searches Triggered . | . . . . . Construction Impeded 2 | . . . 2 . Haulers Reinforced . | . . . . . Active Scanning Responses . | . . . . . Cargo Convoy Interrupts . | . . . . . Stealth | -11 -10 -9 -8 -7 --------- Run | Yrd Mat Mat Mat Fac Distress Signals 5 | . . 2 2 1 Communications Jammed 25 | . . . . 25 Distress Signals 25 | . . . . 25 Times Spotted 104 | 1 11 27 39 26 Peak Tracking Total 6 | 1 4 6 5 5 Tactical Retreats 10 | . 1 2 2 5 Traps | -11 -10 -9 -8 -7 ------- Run | Yrd Mat Mat Mat Fac Traps Triggered 3 | . 1 1 1 . Indirectly . | . . . . . Trap Hack Attempts . | . . . . . Triggered . | . . . . . Disarmed . | . . . . . Reprogrammed . | . . . . . Reused . | . . . . . Traps Extracted . | . . . . . Installed . | . . . . . Triggered . | . . . . . Machines | -11 -10 -9 -8 -7 ---------- Run | Yrd Mat Mat Mat Fac Machines Disabled 7 | . 3 1 3 . Max in Single Turn 2 | . 2 1 2 . Machines Repaired . | . . . . . Machines Dismantled . | . . . . . Machines Sabotaged . | . . . . . Overloaded Fab Kills . | . . . . . Hacking | -11 -10 -9 -8 -7 --------- Run | Yrd Mat Mat Mat Fac Machines Accessed 12 | . 2 3 4 3 Terminals 6 | . . 1 2 3 Fabricators . | . . . . . Repair Stations 1 | . . . 1 . Recycling Units 3 | . 2 1 . . Scanalyzers 2 | . . 1 1 . Garrison Access . | . . . . . Total Hacks 44 | . 11 9 18 6 Successful 29 | . 8 7 13 1 Failed 15 | . 3 2 5 5 Catastrophic 4 | . . 1 . 3 Database Lockouts . | . . . . . Manual . | . . . . . Terminals 15 | . . 3 6 6 Fabricators . | . . . . . Repair Stations 8 | . . . 8 . Recycling Units 13 | . 11 2 . . Scanalyzers 8 | . . 4 4 . Garrison Access . | . . . . . Terminal Hacks 6 | . . 1 4 1 Record 3 | . . . 3 . Alert Level 2 | . . 1 1 . Unreport Threat 1 | . . . . 1 Fabricator Hacks . | . . . . . Repair Station Hacks 5 | . . . 5 . Scan Component 4 | . . . 4 . Repair 1 | . . . 1 . Recycling Unit Hacks 10 | . 8 2 . . Recycle Component 3 | . 3 . . . Process 2 | . 2 . . . Report Inventory 2 | . 1 1 . . Retrieve Matter 1 | . 1 . . . Retrieve Components 2 | . 1 1 . . Scanalyzer 8 | . . 4 4 . Insert Component 4 | . . 2 2 . Analyze 4 | . . 2 2 . Garrison Access Hacks . | . . . . . Unauthorized Hacks . | . . . . . Terminals . | . . . . . Fabricators . | . . . . . Repair Stations . | . . . . . Recycling Units . | . . . . . Scanalyzers . | . . . . . Garrison Access . | . . . . . Data Cores Recovered . | . . . . . Used . | . . . . . Hacking Detections 10 | . 2 2 3 3 Full Trace Events 4 | . . 2 1 1 Feedback Events . | . . . . . Feedback Blocked . | . . . . . Robot Schematics Acquired . | . . . . . Robots Built . | . . . . . Authchips . | . . . . . Time . | . . . . . Total Robot Build Rating . | . . . . . Part Schematics Acquired 3 | . . 1 2 . Parts Built . | . . . . . Authchips . | . . . . . Time . | . . . . . Total Part Build Rating . | . . . . . Parts Repaired 1 | . . . 1 . Time 32 | . . . 32 . Parts Recycled 3 | . 3 . . . Recycled Matter 459 | . 459 . . . Retrieved Matter 309 | . 309 . . . Retrieved Components 9 | . . 9 . . Parts Scanalyzed 4 | . . 2 2 . Part Schematics Acquired 3 | . . 1 2 . Parts Damaged . | . . . . . Bothacking | -11 -10 -9 -8 -7 ------------ Run | Yrd Mat Mat Mat Fac Used RIF Installer . | . . . . . Robots Hacked . | . . . . . Non-combat . | . . . . . Combat . | . . . . . Robot Hacks Applied . | . . . . . Relay Couplers Released . | . . . . . Fabnet Peak Effective % . | . . . . . Robots Rewired . | . . . . . Allies Hacked . | . . . . . Hacks Repelled . | . . . . . Allies | -11 -10 -9 -8 -7 -------- Run | Yrd Mat Mat Mat Fac Total Allies . | . . . . . Largest Group . | . . . . . Highest-Rated Group . | . . . . . Highest-Rated Ally . | . . . . . Total Orders . | . . . . . Ally Attacks . | . . . . . Total Damage . | . . . . . Kills . | . . . . . Allies Corrupted . | . . . . . Allies Melted . | . . . . . Intel | -11 -10 -9 -8 -7 ------- Run | Yrd Mat Mat Mat Fac Robot Analysis Total . | . . . . . Derelict Logs Recovered . | . . . . . Drone Launches . | . . . . . Drone Recoveries . | . . . . . Exploration | -11 -10 -9 -8 -7 ------------- Run | Yrd Mat Mat Mat Fac Turns Passed 4934 | 122 654 1691 1413 1054 Spaces Moved 2173 | 90 327 564 692 500 Core 16 | 16 . . . . Treads 1053 | . . 134 692 227 Legs 884 | 26 327 430 . 101 Wheels 48 | 48 . . . . Hover . | . . . . . Flight 172 | . . . . 172 Fastest Speed 29 | 50 120 190 148 29 Average Speed 173 | 86 171 235 154 147 Slowest Speed 1555 | 120 400 260 160 1555 Overloaded Moves . | . . . . . Propulsion Burnouts . | . . . . . Robots Hopped . | . . . . . Cave-ins Triggered 1 | . . . . 1 Exploration Rate (%) 29 | 6 67 33 31 11 Regions Visited 4 Branch Regions . Pre-discovered Areas . | . . . . . Known Exits Taken 2 | . . 1 1 . Unknown Exits Taken 2 | 1 1 . . . Scrap Searched . | . . . . . Spaces Dug 3 | . . . . 3 Terrain Destroyed 77 | . 21 . 53 3 Melee 3 | . . . . 3 Projectile . | . . . . . AOE 74 | . 21 . 53 . Terrain Rammed . | . . . . . Walls Destroyed . | . . . . . Machines Disabled . | . . . . . Actions | -11 -10 -9 -8 -7 --------- Run | Yrd Mat Mat Mat Fac Total 2926 | 126 391 752 909 748 Wait 245 | 7 18 47 65 108 Move 2169 | 89 326 563 691 500 Hop . | . . . . . Pick Up 104 | 12 13 24 28 27 Fast Attach 6 | . 1 . 3 2 Attach 48 | 6 2 10 15 15 Detach 4 | . . 1 . 3 Swap 71 | 7 5 10 24 25 Drop 58 | 2 5 5 16 30 Fire 215 | 3 21 91 65 35 Melee 3 | . . . . 3 Ram . | . . . . . Kick 1 | . . 1 . . Crush 2 | . . . 2 . Escape Stasis . | . . . . . Rewire . | . . . . . Trap . | . . . . . Miscellaneous . | . . . . . Route ------- -11/Scrapyard -10/Materials (discovered 2 exits: *Mat / [*Min]) -9/Materials (discovered 3 exits: *Mat / [*Min] / [*Sto]) -8/Materials -7/Factory History --------- Turn | Location | Event 2 | -11/Scrapyard | Met Revision 17 81 | -11/Scrapyard | Discovered new exit (range 8) 123 | -11/Scrapyard | Entered Materials 313 | -10/Materials | Build established: Mutant 660 | -10/Materials | Discovered new exit (range 15) 672 | -10/Materials | Discovered new exit (range 6) 777 | -10/Materials | Entered another Materials area 777 | -9/Materials | Evolved 2 slots: Propulsion x1, Utility x1 1287 | -9/Materials | Discovered new exit (range 13) 1476 | -9/Materials | Discovered new exit (range 11) 2062 | -9/Materials | Discovered new exit (range 12) 2420 | -9/Materials | Build established: Scavenger-Mutant 2466 | -9/Materials | Identified exit to Materials 2468 | -9/Materials | Entered another Materials area 2468 | -8/Materials | Evolved 2 slots: Propulsion x1, Utility x1 2824 | -8/Materials | Build established: Mutant 3178 | -8/Materials | Discovered new exit (range 16) 3269 | -8/Materials | Identified exit to Factory 3452 | -8/Materials | Build established: Scavenger-Mutant 3577 | -8/Materials | Repaired EMP Blaster 3881 | -8/Materials | Entered Factory 3881 | -7/Factory | Evolved 2 slots: Utility x1, Weapon x1 4182 | -7/Factory | Build established: Scavenger-Tank 4195 | -7/Factory | Found Powered Armor 4429 | -7/Factory | P-60 Hacker assimilated allied 1C-54M(g) 4791 | -7/Factory | Crushed by falling debris 4822 | -7/Factory | Lost 4 parts (2n2u) 4887 | -7/Factory | Core integrity fell below 50% 4907 | -7/Factory | Core integrity fell below 20% 4935 | -7/Factory | Lost 5 parts (1p2n2w) 4935 | -7/Factory | Destroyed by S-27 Virus with Autogun Last Messages --------------- K-01 Serf collects debris. Xenon Bombardment Thruster destroyed. K-01 Serf collects debris. System corrupted: Energy discharge (-25). K-01 Serf collects debris. K-01 Serf cleans the DSF Access. K-01 Serf destroyed. K-01 Serf collects debris. Remote Datajack destroyed. K-01 Serf destroyed. K-01 Serf collects debris. K-01 Serf destroyed. K-01 Serf collects debris. Xenon Bombardment Thruster destroyed. Axe destroyed. K-01 Serf collects debris. System corrupted: Component data lost. K-01 Serf collects debris. System corrupted: IFF burst signal emitted. [Achievement: First Step to Greatness] Map ----- +----------------------------------------------------+ | ????????????????????????????????????????????????? | | ??????????????????????????????#?????????????????? | | ??????????????????????????????# ???????????????? | | ??????????????????????????????# ???????????????? | | ??????????????????????????????# ???????????????? | | ??????????????????????????????# ???????????????? | | ??????????????????????????????# ???????#???????? | | ??????????????????????????????#+##+#####+#######+# | | ??????????????????????????????# | | ??????????????????????????????# | | ??????????????????????? ????+ % % | | ?????????????????????# ????# % % %% | | ?????????????????????# ??? # % | | ?????????????????????# ??? # #####+######## | | ?????????????????????# ??? # #?? #?????? | | ?????????????????????# ?? # ## #?????? | | ?????????????????????# ?? # ## """ ####### | | ?????????????????????? ?? # #? """ # | | ?????????????????????? # ## """ ####### | | ??????????????????????? # ## #?????? | | ??????????????????????? u ?# ## """ #?????? | | ???????????????????????#/##+### ##???? #?????? | | ???????????????????????#=!*= #????? #?????? | | ??????????????????/#####%=s= ##???? #?????? | | ?????????????????/ =k%==s= + !??#?????? | | ??????????????????######[@%%= ##???????????? | | ???????????????????????#!%== ##+#?????????? | | ???????????????????????# #?????????? | | ???????????????????????# #?????????? | | ???????????????????????# u #?????????? | | ???????????????????????# #?????????? | | ???????????????????????# T#????????? | | ???????????????????????# #????????? | | ???????????????????????# ##????????? | | ???????????????????????######## #?????????? | | ??????????????????????????????# #?????????? | | ??????????????????????????????# ????????? | | ??????????????????????????????+ ????????? | | ??????????????????????????????# """ """ ???????? | | ??????????????????????????????# """ ""? ???????? | | ??????????????????????????????? "?? "???????????? | | ??????????????????????????????? ???????????????? | | ??????????????????????????????? ????????????????? | | ?????????????????????????????????????????????????? | | ?????????????????????????????????????????????????? | | ?????????????????????????????????????????????????? | | ?????????????????????????????????????????????????? | | ?????????????????????????????????????????????????? | | ?????????????????????????????????????????????????? | | ?????????????????????????????????????????????????? | +----------------------------------------------------+ Best States ------------- Heat Dissipation 35 Energy Generation 18 Energy Capacity 280 Matter Stores 300 Matter Capacity 300 Sight Range 16 Robot Scan Range 15 Terrain Scan Density 10 ECM Strength 1 Jamming Range 12 Additional Mass Support 6 Armor Coverage 450 Evasion (%) 64 Recoil Reduction 8 Energy Filtering 30 Offensive Hacking 10 Item Schematics ----------------- Seismic Detector | -9/Materials | Scanalyzed EMP Blaster | -8/Materials | Scanalyzed Lgt. Nuclear Core | -8/Materials | Scanalyzed Robot Schematics ------------------ None Fabricated ------------ Nothing Alien Tech Used ----------------- None Achievements -------------- Crack Shot Everything Is Under Control First Step to Greatness Hey, That's Mine! Loot Pinata Made in Tau Ceti IV One Hack Too Far Part-time Mechanic Risk Taker Storm Trooper Total Silence Uninvited Guest Unlikely Earthworm Use The Force Challenges ------------ None Game ------ Seed ThermoelectricMicroFlakker Manual? 0 Play Time 02:12:13 Cumulative 2.1 hours Start 2024.07.01 @ 21:09:52 End 2024.07.01 @ 23:51:15 Sessions 1 Manual Loads 0 Difficulty Rogue Special Mode None Game No. 1 Rogue 1 Adventurer 0 Explorer 0 Win Type - Total 0 Types 0/0/0/0/0/0/0/0/0 Lore% 0 Gallery% 4 Achievement% 5 Wizard Run 0 Options --------- Layout 1 ASCII 0 Keyboard 0 Movement Mouse Keybinds 0 Fullscreen 1 Font 32/SmallcapsGlow Map View 50x35 Zoom Use 0% Tactical HUD 0 Map Filters NONE Filters NONE Steam 1 RUN: 20dff38a-4140-4ff0-85fe-9a88b8ddc1f3